 Dungeon Crawl Stone Soup version 0.28-a0-312-gbced6e68ee (webtiles) character file.

Game seed: 11625749192773427733

24434 Kala the Geomancer (level 13, -2/68 HPs)
             Began as a Gargoyle Earth Elementalist on Aug 31, 2021.
             Was an Elder of Vehumet.
             Shot with an arrow by a naga sharpshooter (11 damage)
             ... on level 2 of the Snake Pit.
             The game lasted 02:11:58 (16711 turns).

Kala the Geomancer (Gargoyle Earth Elementalist)   Turns: 16711, Time: 02:11:59

Health: -2/68      AC: 25    Str: 16    XL:     13   Next: 13%
Magic:  3/28       EV: 10    Int: 28    God:    Vehumet [****..]
Gold:   447        SH: 14    Dex: 10    Spells: 19/35 levels left

rFire   + . .      SeeInvis .   z - staff of conjuration
rCold   x . .      Faith    .   I - +0 kite shield
rNeg    + . .      Spirit   .   m - +1 acid dragon scales
rPois   ∞          Reflect  +   l - +1 helmet {Int+3}
rElec   +          Harm     .   q - +1 cloak of Guqosi Lucri {rF+}
rCorr   +          Rampage  .   e - +0 pair of gloves
Will    ++...                   p - +0 pair of boots
Stlth   ++........              G - amulet of reflection
HPRegen 0.21/turn               i - ring of the Endless Expanse {rElec rC- Will++ Str+2 Int+6}
MPRegen 0.21/turn               (no ring)

@: no status effects
A: sickness immunity, AC +9, negative energy resistance 1, electricity
resistance, torment resistance 1, petrification resistance
a: Renounce Religion


You were on level 2 of the Snake Pit.
You worshipped Vehumet.
Vehumet was greatly pleased with you.
You visited 4 branches of the dungeon, and saw 14 of its levels.
You also visited: Bailey.

You collected 628 gold pieces.
You spent 181 gold pieces at shops.

Inventory:

Missiles
 t - 103 stones
Armour
 e - a +0 pair of gloves (worn)
 l - a +1 helmet of intelligence (worn)
 m - +1 acid dragon scales (worn)
 p - a +0 pair of boots (worn)
 q - the +1 cloak of Guqosi Lucri (worn) {rF+}
   (You found it on level 4 of the Dungeon)

   rF:        It protects you from fire.
 I - a +0 kite shield (worn)
Magical Staves
 z - a staff of conjuration (weapon)
Jewellery
 i - the ring of the Endless Expanse (left hand) {rElec rC- Will++ Str+2 Int+6}
   (You acquired it on level 8 of the Dungeon)

   [ring of intelligence]

   Str:       It affects your strength (+2).
   Int:       It affects your intelligence (+6).
   rC:        It makes you vulnerable to cold.
   rElec:     It insulates you from electricity.
   Will:      It greatly increases your willpower.
 u - a ring of ice
 G - an amulet of reflection (around neck)
Wands
 f - a wand of acid (8)
 A - a wand of flame (28)
 K - a wand of polymorph (6)
Scrolls
 c - 2 scrolls of magic mapping
 d - a scroll of brand weapon
 g - 3 scrolls of enchant weapon
 h - 4 scrolls of noise
 w - a scroll of vulnerability {unknown}
 y - a scroll of fog {unknown}
 D - 2 scrolls of silence
 F - 2 scrolls of amnesia
 J - a scroll of holy word
Potions
 b - 2 potions of might {unknown}
 j - a potion of magic {unknown}
 k - 3 potions of curing
 n - a potion of attraction
 o - a potion of ambrosia {unknown}
 s - 2 potions of heal wounds {unknown}
 v - 5 potions of flight
 B - 3 potions of lignification
 E - a potion of brilliance {unknown}
 H - a potion of berserk rage {unknown}


   Skills:
 + Level 2.4 Fighting
 - Level 7.0 Armour
 * Level 3.5 Dodging
 + Level 3.8 Stealth
 * Level 7.7 Shields
 + Level 11.5 Spellcasting
 + Level 8.2 Conjurations
 - Level 0.7 Transmutations
 + Level 3.4 Fire Magic
 + Level 13.7 Earth Magic


You had 19 spell levels left.
You knew the following spells:

 Your Spells              Type           Power      Damage    Failure   Level
a - Sandblast             Erth           100%       2d20      1%          1
b - Stone Arrow           Conj/Erth      100%       3d13      1%          3
c - Foxfire               Conj/Fire      100%       2x1d9     1%          1
d - Petrify               Tmut/Erth      54%        N/A       6%          4
e - Conjure Flame         Conj/Fire      65%        6-21      1%          3
f - Sticky Flame          Conj/Fire      65%        2d8       3%          4

Your spell library contained the following spells:

 Spells                   Type           Power      Damage    Failure   Level
 Passwall                 Tmut/Erth      45%        N/A       1%          2
 Leda's Liquefaction      Hex/Erth       26%        N/A       7%          4
 Summon Small Mammal      Summ           64%        N/A       12%         1
 Call Canine Familiar     Summ           16%        N/A       34%         3
 Portal Projectile        Hex/Tloc       32%        N/A       34%         3
 Summon Guardian Golem    Hex/Summ       16%        N/A       34%         3
 Tukima's Dance           Hex            16%        N/A       34%         3
 Yara's Violent Unravell  Hex/Tmut       9%         3d6       54%         5
 Passage of Golubria      Tloc           N/A        N/A       75%         4
 Lehudib's Crystal Spear  Conj/Erth      43%        10d10     88%         8
 Silence                  Hex/Air        8%         N/A       97%         5


Dungeon Overview and Level Annotations

Branches:
Dungeon (9/15)             Temple (1/1) D:4            Lair (2/6) D:9
 Shoals (0/4) Lair:2        Snake (2/4) Lair:2       Bailey (visited)
    Orc: D:9-12

Altars:
Ashenzari
Cheibriados
Dithmenos
Elyvilon
Fedhas
Gozag
Hepliaklqana
Kikubaaqudgha
Makhleb
Nemelex Xobeh
Okawaru
Qazlal
Ru
Sif Muna
Trog
Uskayaw
Vehumet
Wu Jian
Xom
Yredelemnul
Zin
The Shining One

Shops:
D:5 [   D:7 *


Innate Abilities, Weirdness & Mutations

You are immune to sickness and miasma.
Your stone body is resilient. (AC +9)
You are immune to poison.
You resist negative energy. (rN+)
You are resistant to electric shocks. (rElec)
You are resistant to unholy torment.
You are immune to petrification.


Message History

The naga sharpshooter shoots an arrow.
The arrow hits you!
* * * LOW HITPOINT WARNING * * *
The fire ignites!
You start resting.
A naga sharpshooter is nearby!
The naga sharpshooter shoots an arrow.
The arrow hits you but does no damage.
Casting: Conjure Flame (safe; 1% risk of failure)
Confirm with . or Enter, or press ? or * to list all spells.
You don't know that spell.
The naga sharpshooter gestures wildly while chanting.
The naga sharpshooter magically shoots an arrow.
The arrow hits you but does no damage.
Casting: Conjure Flame (safe; 1% risk of failure)
Confirm with . or Enter, or press ? or * to list all spells.
Aiming: Stone Arrow (safe; 1% risk of failure)
Press: ? - help, Shift-Dir - straight line, f - naga sharpshooter
Aim: a naga sharpshooter, wielding a +0 shortbow and quivering arrows (78% to hit)
You feel a surge of power!
The stone arrow hits the naga sharpshooter!
The naga sharpshooter is lightly wounded.
The naga sharpshooter spits poison at you.
The splash of poison hits you but does no damage.
You resist.
Casting: Stone Arrow (safe; 1% risk of failure)
Confirm with . or Enter, or press ? or * to list all spells.
Aiming: Stone Arrow (safe; 1% risk of failure)
Press: ? - help, Shift-Dir - straight line, f/p - naga sharpshooter
Aim: a naga sharpshooter, wielding a +0 shortbow and quivering arrows (lightly wounded, catching its breath, 78% to hit)
You feel a surge of power!
The stone arrow misses the naga sharpshooter.
Casting: Stone Arrow (safe; 1% risk of failure)
Confirm with . or Enter, or press ? or * to list all spells.
Aiming: Stone Arrow (safe; 1% risk of failure)
Press: ? - help, Shift-Dir - straight line, f/p - naga sharpshooter
Aim: a naga sharpshooter, wielding a +0 shortbow and quivering arrows (lightly wounded, catching its breath, 78% to hit)
You feel a surge of power!
The stone arrow hits the naga sharpshooter!!
The naga sharpshooter is heavily wounded.
The naga sharpshooter shoots an arrow.
The arrow hits you!
You die...

#.........# #.......†.#
#..(......# #...N.....#
#####........†####
#.....######.....##
#.....# #####..# #.....#
########.# . #.....#
#..@.###.##.... #.>..N##
###...N.....# #......##
#.............
#.......#######.....##...
#.....#...# #.......#..
#####...........#####...
#.....N.N.... ###
#............
##............


You could see a naga sharpshooter (catching breath).

Vanquished Creatures
  4 naga warriors (Snake:1)
  6 anacondas
  A shock serpent (Snake:1)
  2 naga ritualists (Snake:1)
  An orc knight (Bailey)
  A mana viper (Snake:1)
  4 phantasmal warriors (Snake:1)
  A salamander (Snake:1)
  2 naga magi (Snake:1)
  7 black mambas
  An unseen horror (D:9)
  7 cane toads
  A spectral naga (Snake:1)
  A troll (D:8)
  Grinder (D:4)
  A shadow (D:9)
  3 wyverns
  A steam dragon (D:9)
  9 yaks
  A basilisk (Lair:2)
  An acid dragon (D:9)
  2 nagas (Snake:1)
  7 water moccasins
  A hornet zombie (D:7)
  A black bear (Lair:2)
  11 orc warriors
  An ogre (D:6)
  10 wolves
  A phantom (D:5)
  A kobold brigand (D:9)
  8 bullfrogs
  A wyvern zombie (D:7)
  A scorpion (D:5)
  5 killer bees (D:9)
  9 wights (D:8)
  2 howler monkeys (D:9)
  A hound (D:6)
  A centaur skeleton (D:5)
  2 centaur zombies
  2 jellies (D:5)
  Crazy Yiuf (D:7)
  3 orc priests
  2 iguanas (D:5)
  2 orc wizards (D:9)
  A hound skeleton (D:4)
  11 gnolls
  5 adders
  A shadow imp (D:6)
  3 white imps
  An ufetubus (D:7)
  A worm (D:2)
  A dart slug (D:2)
  19 orcs
  8 bats
  4 endoplasms
  3 giant cockroaches (D:3)
  13 goblins
  6 hobgoblins
  6 jackals (D:1)
  2 quokkas
  4 ball pythons
  2 frilled lizards (D:1)
  25 kobolds
  5 rats
  A bush (D:7)
253 creatures vanquished.

Vanquished Creatures (collateral kills)
  2 foxfires (D:7)
2 creatures vanquished.

Vanquished Creatures (others)
  23 foxfires
  6 fungi
  9 plants
38 creatures vanquished.

Grand Total: 293 creatures vanquished

Notes
Turn   | Place    | Note
-------+----------+-------------------------------------------
     0 | D:1      | Kala the Gargoyle Earth Elementalist began the quest for
                  | the Orb.
     0 | D:1      | Reached XP level 1. HP: 10/10 MP: 3/3
   195 | D:1      | Reached XP level 2. HP: 15/15 MP: 3/5
   244 | D:1      | Reached skill level 1 in Conjurations
   351 | D:1      | Reached skill level 1 in Armour
   444 | D:1      | Reached skill level 4 in Earth Magic
   694 | D:1      | Reached XP level 3. HP: 18/19 MP: 6/6
   698 | D:1      | Learned a level 3 spell: Stone Arrow
  1796 | D:2      | Reached XP level 4. HP: 24/24 MP: 0/7
  1982 | D:2      | Found a faded altar of an unknown god.
  3311 | D:3      | Found a shadowy altar of Dithmenos.
  3502 | D:3      | Reached XP level 5. HP: 5/28 MP: 0/8
  4361 | D:4      | Found a shimmering altar of Xom.
  4654 | D:4      | Identified the +1 cloak of Guqosi Lucri {rF+}
  4710 | D:4      | Noticed Grinder
  4775 | D:4      | Paralysed by Grinder for 3 turns
  4778 | D:4      | Killed Grinder
  4779 | D:4      | Reached XP level 6. HP: 33/33 MP: 0/10
  5094 | D:4      | Found a staircase to the Ecumenical Temple.
  5104 | Temple   | Entered the Ecumenical Temple
  5111 | Temple   | Became a worshipper of Vehumet
  5135 | D:4      | Reached skill level 5 in Earth Magic
  5383 | D:5      | Entered Level 5 of the Dungeon
  5388 | D:5      | Reached skill level 1 in Fighting
  5483 | D:5      | Reached XP level 7. HP: 38/38 MP: 0/12
  5810 | D:5      | Found a glowing golden altar of the Shining One.
  6305 | D:5      | Reached skill level 6 in Earth Magic
  6418 | D:5      | Found a sacrificial altar of Ru.
  6418 | D:5      | Found an ancient bone altar of Kikubaaqudgha.
  6452 | D:5      | Found Ryfris's Armour Emporium.
  6455 | D:5      | Bought a +1 helmet of intelligence for 181 gold pieces
  6728 | D:6      | Reached XP level 8. HP: 40/43 MP: 1/14
  6988 | D:6      | Found a stormy altar of Qazlal.
  7170 | D:6      | Noticed a seven-headed hydra
  7171 | D:6      | Noticed a seven-headed hydra
  7442 | D:6      | Found an opulent altar of Gozag.
  7829 | D:7      | Reached skill level 5 in Conjurations
  7832 | D:7      | Found a flagged portal.
  7833 | D:7      | Reached * piety under Vehumet
  7833 | D:7      | Offered knowledge of Shock by Vehumet.
  8094 | D:7      | Found an ornate altar of the Wu Jian Council.
  8166 | Bailey   | Entered a bailey
  8197 | Bailey   | Noticed an orc knight
  8645 | Bailey   | Reached skill level 5 in Armour
  8645 | Bailey   | Reached skill level 5 in Spellcasting
  8645 | Bailey   | Reached skill level 7 in Earth Magic
  9438 | Bailey   | Reached XP level 9. HP: 47/47 MP: 3/17
  9651 | Bailey   | Killed an orc knight
  9755 | Bailey   | Offered knowledge of Foxfire by Vehumet.
  9756 | Bailey   | Reached skill level 8 in Earth Magic
  9759 | Bailey   | Learned a level 1 spell: Foxfire
  9789 | Bailey   | Reached ** piety under Vehumet
 10148 | D:7      | Found Geilo Tesi's Elemental Accessories.
 10935 | D:7      | Found a runed translucent door.
 10936 | D:7      | Noticed Crazy Yiuf
 11047 | D:7      | Killed Crazy Yiuf
 11068 | D:7      | Identified the +6 mace of the Vendetta {freeze, Contam
                  | rElec rPois SInv}
 11131 | D:8      | Reached skill level 1 in Fire Magic
 11446 | D:8      | Reached XP level 10. HP: 52/52 MP: 16/20
 11508 | D:8      | Identified a scroll of acquirement
 11508 | D:8      | Acquired the ring of the Endless Expanse {rElec rC- Will++
                  | Str+2 Int+6}
 11634 | D:8      | Reached skill level 9 in Earth Magic
 11818 | D:8      | Learned a level 4 spell: Petrify
 11947 | D:9      | Found a blossoming altar of Fedhas.
 12135 | D:9      | Found a snail-covered altar of Cheibriados.
 12173 | D:9      | Reached skill level 1 in Shields
 12249 | D:9      | Offered knowledge of Ignite Poison by Vehumet.
 12261 | D:9      | Killed an unseen horror
 12532 | D:9      | Reached *** piety under Vehumet
 12599 | D:9      | Found a staircase to the Lair.
 12603 | Lair:1   | Entered Level 1 of the Lair of Beasts
 12746 | Lair:1   | Reached skill level 10 in Earth Magic
 12755 | Lair:1   | Noticed a cane toad
 12778 | Lair:1   | Killed a cane toad
 13071 | Lair:1   | Found an ornate altar of the Wu Jian Council.
 13129 | Lair:1   | Reached XP level 11. HP: 56/56 MP: 19/23
 13132 | Lair:1   | Offered knowledge of Conjure Flame by Vehumet.
 13234 | Lair:1   | Learned a level 3 spell: Conjure Flame
 13775 | Lair:2   | Reached skill level 11 in Earth Magic
 13992 | Lair:2   | Found a staircase to the Shoals.
 14118 | Lair:2   | Reached **** piety under Vehumet
 14264 | Lair:2   | Found a staircase to the Snake Pit.
 14273 | Snake:1  | Entered Level 1 of the Snake Pit
 14319 | Snake:1  | Noticed a naga ritualist
 14319 | Snake:1  | Noticed a mana viper
 14324 | Snake:1  | Killed a mana viper
 14331 | Snake:1  | Noticed an anaconda
 14334 | Snake:1  | Killed a naga ritualist
 14335 | Snake:1  | Reached skill level 5 in Shields
 14335 | Snake:1  | Reached skill level 12 in Earth Magic
 14337 | Snake:1  | Noticed an anaconda
 14344 | Snake:1  | Killed an anaconda
 14344 | Snake:1  | Offered knowledge of Sticky Flame by Vehumet.
 14347 | Snake:1  | Killed an anaconda
 14348 | Snake:1  | Reached skill level 10 in Spellcasting
 14350 | Snake:1  | Reached XP level 12. HP: 38/62 MP: 9/26
 14702 | Snake:1  | Noticed an anaconda
 14707 | Snake:1  | Killed an anaconda
 14885 | Snake:1  | Noticed a naga warrior
 14885 | Snake:1  | Noticed a shock serpent
 14907 | Snake:1  | Killed a shock serpent
 14908 | Snake:1  | Reached skill level 13 in Earth Magic
 14910 | Snake:1  | Killed a naga warrior
 15317 | Snake:1  | Learned a level 4 spell: Sticky Flame
 15366 | Snake:1  | Noticed a naga warrior
 15378 | Snake:1  | Noticed a naga warrior
 15428 | Snake:1  | Killed a naga warrior
 15444 | Snake:1  | Killed a naga warrior
 15704 | Snake:1  | Noticed a naga warrior
 15791 | Snake:1  | Killed a naga warrior
 16248 | Snake:2  | Noticed an anaconda
 16256 | Snake:1  | Killed an anaconda
 16257 | Snake:1  | Reached XP level 13. HP: 59/67 MP: 13/28
 16711 | Snake:2  | Shot with an arrow by a naga sharpshooter

Illustrated notes

Levels and vault maps discovered:
D:1:      dpeg_arrival_shrine, layout_loops_ring
D:2:      layout_basic, chequers_ecumenical_altar_lobes
D:3:      layout_basic, grunt_dithmenos_smoke, chequers_serial_rivers_micro_c,
          corexii_hall_statues_s, st_stairs_9
D:4:      layout_loops_cross, xom_teletrap_fun, minmay_temple_entry_mist,
          uniq_grinder
D:5:      layout_rooms, gammafunk_temple_overflow_statue, tso_metal_star,
          serial_shops, nicolae_shop_behind_doors, lemuel_flamethrower_1
D:6:      layout_cave_pods, nicolae_qazlal_scattered_showers,
          mainiacjoe_overflow_concentric_impassable, lightli_corner_chamber
D:7:      layout_loops_ring, nzn_wu_jian_contemplation, enter_bailey_5,
          nicolae_elemental_shop, uniq_crazy_yiuf_cottage
D:8:      layout_rooms
D:9:      layout_loops_ring, fedhas_altar_2, kennysheep_mini, lair_entry_dummy,
          grunt_ministairs_10, chequers_serial_rivers_large_a
Temple:   nicolae_temple_no_exploring_needed
Lair:1:   layout_loops_ring, basic_altar
Lair:2:   layout_long_grid, shoals_dummy_entry, dummy_snake_entry,
          beast_lair_carwin_8, lemuel_fruit_fields
Snake:1:  layout_basic, nicolae_snake_ghostly_warrior_ritual
Snake:2:  layout_rooms, nicolae_snake_bzzzt

Skill      XL: |  1  2  3  4  5  6  7  8  9 10 11 12 |
---------------+-------------------------------------+-----
Conjurations   | 1 2 3 4 5 6 7 8 |  8.2
Armour         | 1 2 3 4 5 6 7 |  7.0
Earth Magic    | 4 5 6 7 8 10 12 13 | 13.7
Spellcasting   | 3 4 5 6 8 10 11 | 11.5
Fighting       | 1 2 |  2.4
Stealth        | 3 |  3.8
Fire Magic     | 2 3 |  3.4
Shields        | 3 5 7 |  7.7
Dodging        | 3 |  3.5
Transmutations | |  0.7

Action                   |  1- 3 |  4- 6 |  7- 9 | 10-12 | 13-15 || total
-------------------------+-------+-------+-------+-------+-------++-------
Melee: Unarmed           |    55 |     6 |       |       |       ||    61
       Quarterstaff      |       |    12 |       |       |       ||    12
       Staff             |       |       |    38 |     4 |       ||    42
 Cast: Sandblast         |    31 |     1 |    42 |   194 |     6 ||   274
       Stone Arrow       |    17 |    51 |   127 |    90 |    18 ||   303
       Foxfire           |       |       |    13 |       |       ||    13
       Conjure Flame     |       |       |       |    18 |     3 ||    21
Evoke: Wand              |       |       |     1 |       |       ||     1
  Use: Scroll            |       |     3 |     1 |     8 |     2 ||    14
       Potion            |       |     1 |       |       |     2 ||     3
Armor: Ring mail         |    33 |       |       |       |       ||    33
       Leather armour    |    23 |    40 |    18 |       |       ||    81
       Acid dragon scale |       |       |       |    62 |    16 ||    78
       Skin              |       |       |       |     1 |       ||     1
Dodge: Dodged            |    68 |    48 |    23 |    41 |    13 ||   193
Block: Kite shield       |       |       |       |    64 |    30 ||    94
       Other             |       |       |       |     3 |       ||     3
       Reflection        |       |       |       |     7 |       ||     7

Table legend: (Time is in decaauts)
 A = Elapsed time spent in this place.
 B = Non-inter-level travel time spent in this place.
 C = Inter-level travel time spent in this place.
 D = Time resting spent in this place.
 E = Time spent auto-exploring this place.
 F = Levels seen in this place.
 G = Mean time per level.
                   A        B        C        D        E       F      G
               +--------+--------+--------+--------+--------+-----+--------+
         Total |  16713 |  16378 |    335 |   2568 |  10888 |  15 | 1114.2 |
       Dungeon |  10638 |  10373 |    265 |    146 |   8412 |   9 | 1182.0 |
        Temple |     14 |      8 |      6 |      0 |      0 |   1 |   14.0 |
          Lair |   1669 |   1648 |     21 |     37 |   1306 |   2 |  834.5 |
     Snake Pit |   2423 |   2380 |     43 |    755 |   1151 |   2 | 1211.5 |
        Bailey |   1967 |   1967 |      0 |   1630 |     19 |   1 | 1967.0 |
               +--------+--------+--------+--------+--------+-----+--------+

Top non-repeatable levels by time:
 Snake:1: 2015 daAuts
  Bailey: 1967 daAuts
     D:7: 1460 daAuts
     D:2: 1458 daAuts
     D:1: 1429 daAuts
     D:3: 1426 daAuts
     D:5: 1157 daAuts
     D:4: 1156 daAuts
  Lair:1: 1154 daAuts
     D:6: 1068 daAuts
     D:9: 774 daAuts
     D:8: 706 daAuts
  Lair:2: 514 daAuts
 Snake:2: 407 daAuts
  Temple: 14 daAuts
